AoeStats
← Ts_Boing

MegaRandom

509710066Analyzed
2v2 RM · 5d ago on Sep 27, 2026· 53m 52s· 4 players
Game mode
Random Map
Map size
Medium (4 player)
Population
200
Speed
Normal
Resources
Standard
Victory
Conquest
Starting age
Dark Age
Ending age
Imperial Age
RankedLock teamsTeams togetherTeam positionsShared explorationLock speedFull tech treeHidden civsTurbo modeCheats
Victory
Defeat
🇪🇸 Poles · Spain
1213
+16
🇪🇸 Saracens · Spain
1212
+16
🇹🇷 Maya · Türkiye
1220
-16
🇹🇷 Sicilians · Türkiye
1211
-16
Barnie the polip
8:31 Loom
10:42 Feudal Age
15:27 Fletching
19:40 Castle Age
19:43 Crossbowman
20:29 Thumb Ring
22:04 Bodkin Arrow
22:43 Ballistics
24:05 Bloodlines
25:04 Double-Bit Axe
25:55 Scale Barding Armor
26:51 Elite Skirmisher
30:50 Horse Collar
31:22 Bow Saw
31:56 Bimaristan
33:04 Wheelbarrow
34:53 Hand Cart
34:24 Town Watch
35:06 Forging
35:09 Husbandry
36:38 Chain Barding Armor
36:53 Iron Casting
40:22 Imperial Age
40:55 Padded Archer Armor
41:09 Masonry
40:34 Elite Mameluke
41:34 Conscription
42:00 Hoardings
42:55 Bracer
46:06 Two-Man Saw
45:27 Siege Engineers
47:28 Plate Barding Armor
47:54 Blast Furnace
52:06 Leather Archer Armor
52:06 Counterweights
Ts_Boing
8:24 Loom
10:59 Feudal Age
11:34 Double-Bit Axe
11:33 Horse Collar
17:45 Forging
17:42 Scale Barding Armor
19:22 Wheelbarrow
18:37 Town Watch
19:27 Wheelbarrow
21:01 Bloodlines
25:35 Castle Age
24:22 Stone Mining
26:10 Light Cavalry
26:50 Husbandry
28:19 Heavy Plow
29:35 Iron Casting
36:06 Hand Cart
41:33 Chain Barding Armor
42:18 Treadmill Crane
42:49 Masonry
45:06 Town Patrol
48:13 Imperial Age
46:52 Pikeman
47:33 Squires
48:16 Gold Mining
49:56 Conscription
50:55 Lechitic Legacy
53:09 Crop Rotation
53:01 Winged Hussar
fikretakman47
8:36 Loom
14:11 Feudal Age
15:15 Double-Bit Axe
19:38 Castle Age
18:05 Fishing Lines
18:39 Gold Mining
18:41 Stone Mining
18:35 Horse Collar
26:39 Bloodlines
29:50 Husbandry
30:27 Heavy Plow
31:50 Scale Barding Armor
37:02 Wheelbarrow
38:34 Forging
39:19 Fletching
42:52 Hand Cart
46:32 Gillnets
47:04 Bodkin Arrow
52:13 Imperial Age
51:03 Chain Barding Armor
52:04 Gold Shaft Mining
52:09 Iron Casting
52:19 Cavalier
TNLAMAZMODUNDA
0:27 Loom
11:06 Feudal Age
14:02 Double-Bit Axe
14:17 Gold Mining
18:42 Castle Age
17:48 Fletching
19:07 Elite Skirmisher
21:22 Fishing Lines
22:27 Crossbowman
24:14 Bodkin Arrow
24:54 Gillnets
26:13 Padded Archer Armor
27:48 Wheelbarrow
32:40 Pikeman
33:21 Squires
33:06 Arson
35:00 Scale Mail Armor
46:00 Imperial Age
45:05 Chain Mail Armor
45:05 Leather Archer Armor
45:01 Forging
46:46 Eagle Warrior
47:56 Bracer
50:19 Ballistics
50:59 Chemistry
50:47 Murder Holes
Connection lost

Rejoining the realm…

Still unreachable

The connection could not be restored.

Session expired

The server has moved on; the page needs a fresh start.